[Event "Team 45 45 League 2006 Invitational"]
[Site "Internet Chess Club"]
[Date "2006.11.13"]
[Round "2"]
[White "SpikeyJ"]
[Black "camembert"]
[Result "0-1"]
[WhiteElo "1815"]
[BlackElo "1913"]
[TimeControl "2700+45"]

1. c4 e5 2. Nc3 Nf6 3. g3 Bb4 4. Nf3 Qe7 5. Bg2 O-O 6. O-O c6 7. Qc2 d5 8. d3 h6 9. a3 Bxc3 10. Qxc3 d4 11. Qc2 a5 12. Rb1 a4 13. b4 axb3 14. Qxb3 Nbd7 15. a4 Nc5 16. Ba3 Re8 17. Qb4 Nfd7 18. Bh3 Qd8 19. Bxd7 Nxd7 20. Ra1 Qa5 21. Qxa5 Rxa5 22. Bb4 Ra8 23. Rfb1 Nf8 24. Nd2 f5 25. f3 Ne6 26. Bd6 Nd8 27. c5 Nf7 28. Nc4 Kh7 29. Nb6 Ra6 30. Nxc8 Rxc8 31. Rxb7 Nxd6 32. cxd6 Rd8 33. a5 Rxd6 34. Rb6 c5 35. Rxd6 Rxd6 36. a6 Rd8 37. Ra5 Ra8 38. Rxc5 Rxa6 39. Rxe5 Kg6 40. Rd5 Ra4 41. h4 Kf6 42. Rd6+ Ke7 43. Rg6 Kf7 44. Rc6 Ra8 45. Kf2 Ra7 46. g4 fxg4 47. fxg4 Ke7 48. Rc4 Rd7 49. Kf3 Rd6 50. Ke4 Re6+ 51. Kxd4 Rxe2 52. Rc5 Rh2 53. Re5+ Kd6 54. h5 Ra2 55. Re4 Ra4+ 56. Ke3 Ra1 57. Rf4 Re1+ 58. Kd4 Ra1 59. Ke3 Ke6 60. Re4+ Kd6 61. Rd4+ Ke6 62. Rf4 Ra2 63. Rb4 Rg2 64. d4 Kd5 65. Rb5+ Kc6 66. Rc5+ Kd6 67. Kf4 Rd2 68. Ke4 Rg2 69. Kf5 Rd2 70. Rc8 Ke7 71. Rc7+ Kf8 72. Rd7 Rf2+ 73. Ke6 Re2+ 74. Kf5 Rf2+ 75. Kg6 Rf4 76. g5 hxg5 77. d5 g4 78. Rxg7 g3 79. d6 Rg4+ {White resigns} 0-1

[Event "Team 45 45 League 2006 Invitational"]
[Site "Internet Chess Club"]
[Date "2006.11.13"]
[Round "2"]
[White "JohnnySP"]
[Black "Budzo"]
[Result "1/2-1/2"]
[WhiteElo "1832"]
[BlackElo "1761"]
[TimeControl "2700+45"]

1. e4 e6 2. d4 d5 3. e5 c5 4. c3 Nc6 5. Nf3 Bd7 6. Be2 Nge7 7. a3 Nf5 8. b4 cxd4 9. cxd4 Qb6 10. Bb2 a5 11. b5 Na7 12. a4 Bb4+ 13. Bc3 Bxc3+ 14. Nxc3 Qd8 15. Qd2 Nc8 16. O-O Nb6 17. Nd1 Nc4 18. Bxc4 dxc4 19. Rc1 b6 20. Rxc4 Bc8 21. Ne3 Ne7 22. Qc2 Bb7 23. Nd2 O-O 24. Ne4 Bxe4 25. Qxe4 Rc8 26. Rfc1 Qd7 27. g3 Rxc4 28. Rxc4 Rc8 29. Qc2 Rxc4 30. Qxc4 h6 31. Qc3 Qd8 32. Qc4 Qd7 33. Qc3 Qd8 34. Qc4 Qd7 35. Qc3 {Game drawn by repetition} 1/2-1/2

[Event "Team 45 45 League 2006 Invitational"]
[Site "Internet Chess Club"]
[Date "2006.11.13"]
[Round "2"]
[White "Sean"]
[Black "FiendAngelical"]
[Result "0-1"]
[WhiteElo "1573"]
[BlackElo "1551"]
[TimeControl "2700+45"]

1. c4 e5 2. g3 d6 3. Bg2 Nc6 4. Nc3 Be6 5. d3 Qd7 6. e4 f5 7. exf5 Bxf5 8. Be3 Be7 9. Nf3 Nf6 10. O-O O-O 11. a3 Rae8 12. b4 a6 13. Qe2 Kh8 14. Nd2 Nd4 15. Bxd4 exd4 16. Nce4 c5 17. bxc5 dxc5 18. Qd1 Bh3 19. Rb1 Bxg2 20. Kxg2 b5 21. f3 Nxe4 22. fxe4 Rxf1 23. Qxf1 Rf8 24. Qe2 Bg5 25. Rc1 Be3 26. Rf1 Re8 27. Rf5 Qe7 28. Nb3 bxc4 29. dxc4 Qxe4+ 30. Rf3 g5 31. Kf1 g4 32. Nxc5 Qc6 33. Rxe3 Qh1+ 34. Kf2 dxe3+ 35. Qxe3 Qxh2+ 36. Kf1 Rxe3 37. Ne6 Qe2+ 38. Kg1 Rxg3+ 39. Kh1 Qg2# {White checkmated} 0-1

[Event "Team 45 45 League 2006 Invitational"]
[Site "Internet Chess Club"]
[Date "2006.11.13"]
[Round "2"]
[White "Fegary"]
[Black "tammany"]
[Result "1-0"]
[WhiteElo "1661"]
[BlackElo "1634"]
[TimeControl "2700+45"]

1. e4 c5 2. Nc3 g6 3. Nge2 Bg7 4. d4 cxd4 5. Nxd4 Nc6 6. Be3 a6 7. Bc4 Nf6 8. Nxc6 bxc6 9. e5 Ng8 10. Bd4 e6 11. f4 Rb8 12. Qd3 Ne7 13. O-O-O Qa5 14. Ne4 O-O 15. Bc5 Re8 16. Bd6 Rb6 17. Bc7 d5 18. Nf6+ Bxf6 19. exf6 dxc4 20. Qd8 Bd7 21. Rxd7 h5 22. Qxe8+ Kh7 23. Qxf7+ {Black resigns} 1-0

[Event "Team 45 45 League 2006 Invitational"]
[Site "Internet Chess Club"]
[Date "2006.11.13"]
[Round "2"]
[White "JustinZ"]
[Black "jharris8000"]
[Result "0-1"]
[WhiteElo "1278"]
[BlackElo "1477"]
[TimeControl "2700+45"]

1. e4 e6 2. d4 d5 3. exd5 exd5 4. c3 Nf6 5. Bd3 c5 6. Ne2 Nc6 7. Be3 Qb6 8. b3 Be7 9. O-O O-O 10. Nd2 Bd7 11. c4 cxd4 12. cxd5 Nxd5 13. Nc4 Qc7 14. Nxd4 Bf6 15. Nb5 Qd8 16. Rc1 Nxe3 17. fxe3 Be6 18. Ncd6 Qe7 19. Ne4 Be5 20. Nc5 Rad8 21. Nxe6 Qxe6 22. Qc2 Qh6 23. h3 Qxe3+ 24. Kh1 Qxd3 25. Qxd3 Rxd3 26. Na3 Rfd8 27. Nc4 Bf6 28. Rfe1 h6 29. Rb1 b5 30. Nb2 Rd2 31. Nd1 Rxa2 32. Rc1 Nd4 33. Nc3 Rc2 34. Ne4 Rxc1 35. Rxc1 Nxb3 36. Rb1 Rd3 37. Nf2 Rc3 38. Ne4 Rc1+ 39. Rxc1 Nxc1 40. Nd2 a5 41. Kg1 b4 42. Kf1 b3 43. Nb1 a4 44. Ke1 Be7 45. Kd1 Nd3 46. Kd2 Nf4 47. Kc3 a3 48. Kxb3 Nxg2 49. Nxa3 Bxa3 50. Kxa3 Kf8 51. Kb3 Ke7 52. Kc3 Kf6 53. Kd2 Kf5 54. Ke2 Kf4 55. Kf2 Ne3 {White resigns} 0-1

[Event "Team 45 45 League 2006 Invitational"]
[Site "Internet Chess Club"]
[Date "2006.11.13"]
[Round "2"]
[White "Prop"]
[Black "t-hobbes"]
[Result "0-1"]
[WhiteElo "1176"]
[BlackElo "1263"]
[TimeControl "2700+45"]

1. e4 e5 2. Nf3 Nc6 3. Bc4 Nf6 4. Nc3 Bc5 5. O-O O-O 6. d3 d6 7. Bg5 Nd4 8. Nd5 Bg4 9. Nxf6+ gxf6 10. Bh6 Nxf3+ 11. gxf3 Bh3 12. f4 Kh8 13. Bxf8 Bxf1 14. Qh5 Qxf8 15. Kxf1 Qg7 16. Bxf7 exf4 17. Ke2 Rf8 18. Bb3 Qg2 19. Qh4 f3+ 20. Kd2 Bxf2 21. Qf4 Bg3+ 22. Ke3 Qf2# {White checkmated} 0-1

[Event "Team 45 45 League 2006 Invitational"]
[Site "Internet Chess Club"]
[Date "2006.11.13"]
[Round "2"]
[White "Flying-Tiger"]
[Black "A-Ru"]
[Result "1-0"]
[WhiteElo "1816"]
[BlackElo "1942"]
[TimeControl "2700+45"]

1. e4 e6 2. d4 d5 3. Nc3 Nf6 4. Bg5 Bb4 5. exd5 exd5 6. Qf3 Nbd7 7. O-O-O Bxc3 8. Qxc3 O-O 9. Bd3 h6 10. Bh4 c6 11. Nf3 Re8 12. Rhe1 Qc7 13. Rxe8+ Nxe8 14. Re1 Ndf6 15. Ne5 Bd7 16. f3 Nd6 17. Bxf6 gxf6 18. Nxd7 Qxd7 19. Re3 Re8 20. Qe1 Re6 21. Kd2 Nc4+ 22. Bxc4 dxc4 23. c3 c5 24. Rxe6 fxe6 25. Qe4 cxd4 26. Qg6+ Qg7 27. Qxg7+ Kxg7 28. cxd4 b5 29. Kc3 Kf7 30. Kb4 a5+ {Black resigns} 1-0

[Event "Team 45 45 League 2006 Invitational"]
[Site "Internet Chess Club"]
[Date "2006.11.13"]
[Round "2"]
[White "DaveTheRook"]
[Black "fredd"]
[Result "1/2-1/2"]
[WhiteElo "1635"]
[BlackElo "1610"]
[TimeControl "2700+45"]

1. d4 Nf6 2. c4 e6 3. Nf3 d5 4. c5 Be7 5. Nc3 O-O 6. Bg5 b6 7. b4 Bb7 8. e3 c6 9. Bd3 Nbd7 10. O-O h6 11. Bh4 g5 12. Bg3 Nh5 13. Ne5 Nxg3 14. Nxd7 Qxd7 15. fxg3 f5 16. Qh5 Kg7 17. Rf2 Rf6 18. Raf1 Raf8 19. g4 Qe8 20. Qxe8 Rxe8 21. gxf5 Bc8 22. fxe6 Bxe6 23. e4 Rc8 24. Rxf6 Bxf6 25. e5 Be7 26. h3 bxc5 27. bxc5 Rb8 28. Rb1 Rxb1+ 29. Bxb1 h5 30. Bd3 g4 31. hxg4 hxg4 32. g3 Bg5 33. Kf2 Bd2 34. Nd1 Kh6 35. Ke2 Bc1 36. Ba6 Kg5 37. Bb7 Bd7 38. Ne3 Bxe3 39. Kxe3 Kf5 40. a3 a5 41. Ba6 Kg5 42. Kd2 Kf5 43. Bd3+ Kg5 44. Ke3 Bc8 45. Be2 {Game drawn by mutual agreement} 1/2-1/2

[Event "Team 45 45 League 2006 Invitational"]
[Site "Internet Chess Club"]
[Date "2006.11.14"]
[Round "2"]
[White "SargentBono"]
[Black "RingLord"]
[Result "0-1"]
[WhiteElo "1623"]
[BlackElo "1730"]
[TimeControl "2700+45"]

1. d4 d5 2. c4 e6 3. Nc3 Nf6 4. cxd5 exd5 5. Bg5 Be7 6. e3 O-O 7. Bd3 Nbd7 8. Nge2 h6 9. Bh4 c6 10. O-O g5 11. Bg3 Nh5 12. Qc2 Nxg3 13. Nxg3 Nf6 14. Nf5 Bxf5 15. Bxf5 Re8 16. a3 a5 17. Rab1 Ra6 18. b4 axb4 19. axb4 b5 20. Qb2 Qc7 21. Rfc1 Qb7 22. Ra1 Rea8 23. Rxa6 Rxa6 24. Qb1 Kg7 25. Kf1 Nd7 26. e4 dxe4 27. Nxe4 Nb6 28. Nc5 Bxc5 29. dxc5 Nc4 30. Rd1 Qe7 31. Bd3 Qe6 32. Kg1 Ne5 33. Bf5 Qf6 34. h3 Nc4 35. Bd7 Qc3 36. Be8 Qe5 37. Re1 Qc3 38. Bxf7 Ne5 39. Bh5 Nd3 40. Re7+ Kf6 41. Rf7+ Ke6 42. Rh7 Ra1 43. Rxh6+ Ke5 {White resigns} 0-1

[Event "Team 45 45 League 2006 Invitational"]
[Site "Internet Chess Club"]
[Date "2006.11.14"]
[Round "2"]
[White "guyd52"]
[Black "grandpa06"]
[Result "0-1"]
[WhiteElo "1314"]
[BlackElo "1429"]
[TimeControl "2700+45"]

1. Nf3 Nf6 2. g3 Nc6 3. Bg2 e5 4. d3 d5 5. O-O Bc5 6. Nbd2 h6 7. b3 Be6 8. Bb2 d4 9. Re1 Bb6 10. c3 Qd7 11. Rc1 Bh3 12. cxd4 Bxg2 13. dxe5 Bxf3 14. exf6 Bd5 15. fxg7 Rg8 16. e4 Be6 17. Re3 O-O-O 18. Re2 Qxd3 19. Rc3 Qd7 20. Qc2 Nd4 21. Rxc7+ Bxc7 22. Bxd4 Qxd4 23. Nf3 Qd1+ 24. Qxd1 Rxd1+ 25. Kg2 Rxg7 26. Rc2 Kb8 27. Nd2 a6 28. a4 Rg8 29. Rb2 Rd8 30. Nc4 Bxc4 31. bxc4 R1d2 32. Rb1 Ka7 33. Kf3 Bb6 34. Rf1 R2d4 35. Kg4 Rxe4+ 36. Kh5 Rxc4 37. Kxh6 Rxa4 38. Kg7 f5 39. Kg6 Rf8 40. f4 Ra2 41. h4 Rg2 42. Rf3 Rg8+ 43. Kxf5 R2xg3 44. Rf1 Rh3 45. Ke6 Rxh4 46. f5 Rc8 47. Kd7 Rc7+ 48. Kd6 Rhh7 49. f6 Rhf7 50. Ke6 Ba5 {White resigns} 0-1

[Event "Team 45 45 League 2006 Invitational"]
[Site "Internet Chess Club"]
[Date "2006.11.15"]
[Round "2"]
[White "BraafPaard"]
[Black "clarinetref"]
[Result "1-0"]
[WhiteElo "1530"]
[BlackElo "1524"]
[TimeControl "2700+45"]

1. e4 d6 2. d4 Nf6 3. Nc3 g6 4. Nf3 Bg7 5. Be2 O-O 6. O-O c6 7. Bf4 Nh5 8. Be3 Bg4 9. Qd2 Nf6 10. Rad1 Nbd7 11. h3 Bxf3 12. Bxf3 Qc7 13. Rfe1 Rfd8 14. Ne2 e5 15. c4 exd4 16. Nxd4 Ne5 17. b3 a6 18. Qc2 c5 19. Ne2 Qd7 20. Kh2 Nxf3+ 21. gxf3 Qe7 22. Qc1 Nh5 23. Kg2 b5 24. Ng3 Nf6 25. Bh6 Bh8 26. Qg5 Bg7 27. Bxg7 Kxg7 28. Nf5+ {Black resigns} 1-0

[Event "Team 45 45 League 2006 Invitational"]
[Site "Internet Chess Club"]
[Date "2006.11.18"]
[Round "2"]
[White "martineden"]
[Black "BaroneRosso"]
[Result "0-1"]
[WhiteElo "1927"]
[BlackElo "2061"]
[TimeControl "2700+45"]

1. d4 Nf6 2. c4 e6 3. g3 c5 4. Bg2 cxd4 5. Qxd4 Nc6 6. Qd1 a6 7. Nc3 Bb4 8. Bd2 O-O 9. a3 Be7 10. Nh3 Ne5 11. b3 Rb8 12. O-O Ng6 13. Nf4 d6 14. Qc2 b5 15. cxb5 axb5 16. Nxg6 hxg6 17. b4 Bb7 18. e4 Qd7 19. Rfd1 Rfc8 20. Qd3 Ba8 21. Ra2 Ng4 22. f4 Qa7+ {White resigns} 0-1

[Event "Team 45 45 League 2006 Invitational"]
[Site "Internet Chess Club"]
[Date "2006.11.18"]
[Round "2"]
[White "RD1974"]
[Black "crankn8tr"]
[Result "0-1"]
[WhiteElo "1689"]
[BlackElo "1602"]
[TimeControl "2700+45"]

1. e4 d5 2. exd5 Qxd5 3. Nc3 Qa5 4. d4 Nf6 5. Nf3 Bg4 6. Be2 Nc6 7. O-O O-O-O 8. Be3 e5 9. a3 Bxf3 10. Bxf3 exd4 11. b4 Qb6 12. Na4 Qb5 13. c4 Qxc4 14. Be2 Qe6 15. Bf4 Nd5 16. Bg3 Nc3 17. Nxc3 dxc3 18. Qc2 Nd4 19. Qa4 Nxe2+ 20. Kh1 Nxg3+ 21. fxg3 Kb8 22. b5 Bc5 23. Rae1 Qb6 24. Qc2 Qa5 25. a4 Rd2 26. Qe4 a6 27. bxa6 Qxa6 28. h4 Qd3 29. Qg4 Bf2 30. Rc1 c2 31. Qxg7 Bd4 32. Qxf7 Qxg3 {White resigns} 0-1

[Event "Team 45 45 League 2006 Invitational"]
[Site "Internet Chess Club"]
[Date "2006.11.18"]
[Round "2"]
[White "jacknor"]
[Black "Cantemir"]
[Result "1-0"]
[WhiteElo "1565"]
[BlackElo "1520"]
[TimeControl "2700+45"]

1. d4 e6 2. Nf3 c5 3. c3 cxd4 4. cxd4 Bb4+ 5. Bd2 Bxd2+ 6. Nbxd2 Nf6 7. e4 O-O 8. Bd3 Nc6 9. Rc1 d6 10. O-O Qa5 11. a3 Qh5 12. Re1 e5 13. d5 Ne7 14. Nf1 h6 15. Ng3 Qg6 16. Rc7 Re8 17. Bb5 Bg4 18. Bxe8 Rxe8 19. h3 Bc8 20. Qc1 a6 21. Rxe7 Rxe7 22. Qxc8+ Kh7 23. Nh4 Qg5 24. Qf5+ Qxf5 25. Nhxf5 Rc7 26. Re2 Ne8 27. f3 g6 28. Ne3 Rc1+ 29. Kf2 b5 30. Rc2 Rxc2+ 31. Nxc2 a5 32. Ne2 Nc7 33. f4 exf4 34. Nxf4 g5 35. Nd3 Kg6 36. Nd4 Kf6 37. Kg3 h5 38. Nf5 Ne8 39. b4 a4 40. Nd4 Nc7 41. Nb2 Ke5 42. Nf5 Kxe4 43. Nxd6+ Kxd5 44. Nxf7 Ne6 45. Kf3 Kd4 46. Nd6 Kc3 47. Nd1+ Kb3 48. Nxb5 Kc4 49. Ndc3 Kb3 50. Ke4 Nf4 51. h4 gxh4 52. Kxf4 Kc4 53. Kg5 {Black resigns} 1-0

[Event "Team 45 45 League 2006 Invitational"]
[Site "Internet Chess Club"]
[Date "2006.11.21"]
[Round "2"]
[White "chiiwen"]
[Black "Changuito-77"]
[Result "0-1"]
[WhiteElo "1744"]
[BlackElo "1729"]
[TimeControl "2700+45"]

1. e4 e5 2. Nf3 Nc6 3. Bb5 a6 4. Ba4 d6 5. c3 Bg4 6. O-O Qf6 7. d3 Bxf3 8. gxf3 Ne7 9. Be3 Ng6 10. d4 Nh4 11. Bxc6+ bxc6 12. Kh1 Qxf3+ 13. Qxf3 Nxf3 14. Nd2 exd4 15. cxd4 Nxd2 16. Bxd2 Rb8 17. Bc3 Be7 18. Rg1 O-O 19. d5 g6 20. dxc6 Rb6 21. Rac1 Rxc6 22. Ba5 Rxc1 23. Rxc1 c5 24. b4 Rc8 25. Kg2 Kg7 26. Kf3 Bf6 27. bxc5 dxc5 28. Bc3 Bxc3 29. Rxc3 Kf6 30. Ke3 g5 31. Ra3 Rc6 32. f4 gxf4+ 33. Kxf4 c4 34. Rc3 Rc5 35. e5+ Ke6 {White resigns} 0-1